 Dungeon Crawl Stone Soup version 0.28.0-45-g0d030f2227 (webtiles) character file.

Game seed: 7362790072114716304

65 MisterFreud the Changer (level 3, -2/28 HPs)
             Began as a Draconian Transmuter on May 27, 2022.
             Slain by Sigmund
             ... wielding a +0 scythe
              (9 damage)
             ... on level 2 of the Dungeon.
             The game lasted 00:02:04 (2066 turns).

MisterFreud the Changer (Draconian Transmuter)      Turns: 2066, Time: 00:02:05

Health: -2/28      AC:  2    Str: 12    XL:     3   Next: 94%
Magic:  6/6        EV: 19    Int: 15    God:
Gold:   54         SH:  0    Dex: 16    Spells: 0/6 levels left

rFire   . . .      SeeInvis .     - Unarmed
rCold   . . .      Faith    .   (shield currently unavailable)
rNeg    . . .      Spirit   .   (armour unavailable)
rPois   x          Reflect  .   (helmet currently unavailable)
rElec   .          Harm     .   (cloak currently unavailable)
rCorr   .          Rampage  .   (gloves currently unavailable)
Will    .....                   (boots currently unavailable)
Stlth   +.........              e - amulet of magic regeneration
HPRegen 0.09/turn               (no ring)
MPRegen 0.50/turn               (no ring)

@: spider-form (expiring)
A: venomous fangs, AC +5, tiny, unfitting armour, (cold-blooded)
a: End Transformation


You were on level 2 of the Dungeon.
You were a venomous arachnid creature.
You visited 1 branch of the dungeon, and saw 3 of its levels.

You collected 54 gold pieces.

Inventory:

Missiles
 g - 3 boomerangs
 k - 5 poisoned darts
Armour
 b - a +0 cloak (melded)
Jewellery
 e - an amulet of magic regeneration (around neck)
Scrolls
 c - 3 scrolls of noise {unknown}
 f - a scroll of blinking {unknown}
 i - a scroll of fear {unknown}
Potions
 a - 2 potions of curing {unknown}
 d - a potion of brilliance {unknown}
 h - a potion of invisibility {unknown}
 j - a potion of flight {unknown}


   Skills:
 - Level 1.1 Fighting
 - Level 1.7 Dodging
 - Level 3.0 Unarmed Combat
 - Level 2.0 Spellcasting
 + Level 4.3 Transmutations


You couldn't memorise any spells.
You knew the following spells:

 Your Spells              Type           Power      Damage    Failure   Level
a - Beastly Appendage     Tmut           28%        N/A       12%         1
b - Wereblood             Tmut           14%        N/A       17%         2
c - Spider Form           Tmut/Pois      7%         N/A       50%         3

Your spell library contained the following spells:

 Spells                   Type           Power      Damage    Failure   Level
 Magic Dart               Conj           4%         1d3       43%         1
 Call Imp                 Summ           1%         N/A       54%         2
 Mephitic Cloud           Conj/Pois/Air  1%         N/A       75%         3
 Ice Form                 Ice/Tmut       7%         N/A       85%         4


Dungeon Overview and Level Annotations

Branches:
Dungeon (3/15)

Altars:
Xom

Annotations:
D:2 Sigmund


Innate Abilities, Weirdness & Mutations

You are a venomous arachnid creature.
You have poisonous fangs.
You are tiny and dextrous.
Your spellcasting is less reliable in this form.
Your armour is entirely melded.
You are incapable of wielding weapons or throwing items.
((Your plain brown scales are hard. (AC +5)))
You cannot fit into any form of body armour.
((You are cold-blooded and may be slowed by cold attacks.))


Message History

Your transformation is almost over.
You kill the gnoll!
You see here a +0 spear.
You start resting.
Magic restored.
You start resting.
A gnoll is nearby!
You start resting.
Your transformation has ended.
Your +0 cloak unmelds from your body.
HP restored.
k - 5 poisoned darts
There is a stone staircase leading down here.
Sigmund shouts!
Casting: Spider Form (extremely dangerous; 28% risk of failure)
Confirm with . or Enter, or press ? or * to list all spells.
The spell is extremely dangerous to miscast (28% risk of failure)!
Continue anyway?
You turn into a venomous arachnid creature.
Your +0 cloak melds into your body.
The gnoll shouts!
Sigmund gestures wildly while chanting.
Sigmund flickers and vanishes!
Deactivating autopickup; reactivate with Ctrl-A.
Something hits you.
You bite something! You hit something. Something hits you.
You barely miss something.
The gnoll hits you from afar with a +0 spear.
You hear some strange, mumbled words.
A magic dart appears from out of thin air!
The magic dart hits you.
You bite something!
Your transformation is almost over.
The gnoll hits you from afar with a +0 spear.
Something barely misses you.
You hit something.
The gnoll hits you from afar with a +0 spear.
* * * LOW HITPOINT WARNING * * *
You barely miss something. The gnoll barely misses you. Something hits you!
You die...

#.#.#.#.# #.#.#.#.######
#.#.#.#......# #.#.#.######.###
######### #.#.......<#....
........##########.###.########.#
........'.............>.......#.#
........#####.....###########.#)#
........# #.g.s.# #.....<#.#.#
........#####...{.####.######.#.#
.................)...#.# #.#.#
.....[............##.#.# #.#.#
..............###.##.#.# #.#.#
..............# #)##.#.# #.#.#
..............# #.##.#.# #.#.#
..............# #.##.#.# #.#.#
####..........###.##.#.# #.#.#


You could see a gnoll.

Vanquished Creatures
  3 gnolls
  An adder (D:2)
  4 orcs (D:3)
  A ball python (D:1)
  A bat (D:1)
  3 endoplasms
  2 giant cockroaches
  A quokka (D:1)
  5 goblins (D:1)
  A rat (D:1)
22 creatures vanquished.

Notes
Turn   | Place    | Note
-------+----------+-------------------------------------------
     0 | D:1      | MisterFreud the Draconian Transmuter began the quest for
                  | the Orb.
     0 | D:1      | Reached XP level 1. HP: 16/16 MP: 3/3
   435 | D:1      | Reached XP level 2. HP: 23/23 MP: 3/5
   776 | D:1      | Reached skill level 3 in Transmutations
  1320 | D:2      | Noticed Sigmund
  1327 | D:2      | Learned a level 2 spell: Wereblood
  1572 | D:3      | Reached XP level 3. HP: 28/28 MP: 6/6
  1711 | D:2      | Learned a level 3 spell: Spider Form
  1715 | D:2      | Found a shimmering altar of Xom.
  1802 | D:2      | Reached skill level 4 in Transmutations
  2066 | D:2      | Slain by Sigmund

Illustrated notes

Levels and vault maps discovered:
D:1:      wander_arrival_peaceful_grave, layout_basic, grunt_decor_cap
D:2:      minmay_roachtagon, layout_basic, basic_altar, uniq_sigmund
D:3:      layout_loops_ring, serial_glass, glass_columns_b, glass_columns_c,
          uniq_ijyb

Skill      XL: |  1  2  3 |
---------------+----------+-----
Transmutations | 3 4 |  4.3
Fighting       | |  1.1
Dodging        | |  1.7
Unarmed Combat | |  3.0
Spellcasting   | |  2.0

Action                   || total
-------------------------++-------
Melee: Unarmed           ||   103
       Kick              ||    10
       Headbutt          ||     8
       Tailslap          ||     6
 Cast: Beastly Appendage ||    14
       Wereblood         ||     1
       Spider Form       ||     3
Armor: Skin              ||    26
Dodge: Dodged            ||    68
